 Dungeon Crawl Stone Soup version 0.32-a0-616-g9348d45 (webtiles) character file.

Game seed: 9915811126756934000

58 Dorkslayer the Covered (level 4, -3/35 HPs)
             Began as a Human Fighter on Mar 5, 2024.
             Was an Initiate of the Shining One.
             Slain by an ice beast (5 damage)
             ... on level 3 of the Dungeon.
             The game lasted 00:05:44 (1420 turns).

Dorkslayer the Covered (Human Fighter)              Turns: 1420, Time: 00:05:45

Health: -3/35      AC:  6    Str: 18    XL:     4   Next: 1%
Magic:  4/4        EV:  9    Int:  9    God:    the Shining One [......]
Gold:   71         SH:  5    Dex: 18    Spells: 3/3 levels left

rFire   . . .        a - +0 war axe
rCold   . . .        c - +0 buckler
rNeg    . . .        b - +0 scale mail
rPois   +            (no helmet)
rElec   .            (no cloak)
rCorr   .            (no gloves)
SInv    .            (no boots)
Will    .....        (no amulet) Stlth
                     k - ring of poison resistance
HPRegen 0.25/turn    l - +6 ring of dexterity
MPRegen 0.09/turn

%: no passive effects
@: glowing
A: explore regen
a: Renounce Religion


You were on level 3 of the Dungeon.
You worshipped the Shining One.
The Shining One was noncommittal.
You visited 1 branch of the dungeon, and saw 3 of its levels.

You collected 71 gold pieces.

Inventory:

Hand Weapons
 a - a +0 war axe (weapon)
Armour
 b - a +0 scale mail (worn)
 c - a +0 buckler (worn)
Jewellery
 k - a ring of poison resistance (left hand)
 l - a +6 ring of dexterity (right hand)
Scrolls
 e - 2 scrolls of enchant armour {unknown}
 f - a scroll of poison {unknown}
 i - a scroll of silence {unknown}
 m - 2 scrolls of identify {unknown}
 o - a scroll of immolation {unknown}
Potions
 d - 2 potions of might
 g - a potion of curing {unknown}
 h - 3 potions of mutation {unknown}
 j - a potion of enlightenment {unknown}
 n - a potion of heal wounds {unknown}
 p - a potion of resistance {unknown}


   Skills:
 + Level 3.2 Fighting
 * Level 3.1 Axes
 + Level 3.3 Armour
 * Level 1.0 Dodging
 + Level 3.2 Shields


You had 3 spell levels left.
You didn't know any spells.
Your spell library was empty.

Dungeon Overview and Level Annotations

Branches:
Dungeon (3/15)

Altars:
The Shining One

Shops:
D:1 :   D:2 [


Innate Abilities, Weirdness & Mutations

You regain HP and MP as you explore.


Message History

You open the door.
There is an open door here.
You now have 71 gold pieces (gained 12).
You open the door.
There is an open door here.
You open the door.
There is an open door here.
A hobgoblin comes into view.
The hobgoblin shouts!
You barely miss the hobgoblin. You block the hobgoblin's attack.
The hobgoblin hits you.
You slash the hobgoblin!
You kill the hobgoblin!
You have reached level 4!
You feel clever.
You open the door.
There is an open door here.
You open the door.
There is an open door here.
You open the door.
An ice beast comes into view.
The ice beast closely misses you.
There is an open door here.
You slash the ice beast!
The ice beast is moderately wounded.
The ice beast hits you but does no damage.
The ice beast hits you. The ice beast freezes you!
You closely miss the ice beast.
The ice beast is moderately wounded.
The ice beast hits you. The ice beast freezes you!
* * * LOW HITPOINT WARNING * * *
You closely miss the ice beast.
The ice beast is moderately wounded.
The ice beast closely misses you.
You barely miss the ice beast.
The ice beast is moderately wounded.
The ice beast hits you.
* * * LOW HITPOINT WARNING * * *
The ice beast freezes you.
You die...

##.##.##.###.#
###...###...#
#.....#..###
+.....'....#
#.....####.# #
###...### #.# ##.
##.##.##.###.#
+#...###...#+#...##.#
+....Y@.....'.....'.#
##...#+#...###...####
##. ##.## ##.## # ###
###


You could see an ice beast.

Vanquished Creatures
  3 dart slugs (D:1)
  A ribbon worm (D:2)
  7 ball pythons
  7 bats
  4 endoplasms
  2 giant cockroaches (D:1)
  3 goblins (D:1)
  4 hobgoblins
  5 quokkas
  4 frilled lizards
  2 kobolds
  3 rats
45 creatures vanquished.

Notes
Turn   | Place    | Note
-------+----------+-------------------------------------------
     0 | D:1      | Dorkslayer the Human Fighter began the quest for the Orb.
     0 | D:1      | Reached XP level 1. HP: 18/18 MP: 1/1
    47 | D:1      | Reached XP level 2. HP: 13/24 MP: 2/2
   351 | D:1      | Reached XP level 3. HP: 27/29 MP: 3/3
   630 | D:1      | Found a faded altar of an unknown god.
   814 | D:2      | Found a glowing golden altar of the Shining One.
   861 | D:2      | Found Couj's Armour Boutique.
  1015 | D:2      | Reached skill level 1 in Dodging
  1236 | D:2      | Became a worshipper of the Shining One
  1398 | D:3      | Reached XP level 4. HP: 34/35 MP: 4/4
  1415 | D:3      | Noticed an ice beast
  1420 | D:3      | Slain by an ice beast

Illustrated notes

Levels and vault maps discovered:
D:1:      dpeg_arrival_long_road, layout_loops_ring, basic_ecumenical_altar,
          nicolae_shop_vocational
D:2:      layout_rooms, basic_altar, serial_shops, nicolae_shop_real_fake_doors,
          minmay_stone_trees_small
D:3:      layout_basic, mainiacjoe_overflow_cross_hatched, nicolae_hexahallways,
          kennysheep_generic_room_16

Skill      XL: |  1  2  3 |
---------------+----------+-----
Axes           | 3 |  3.1
Dodging        | 1 |  1.0
Fighting       | |  3.2
Armour         | |  3.3
Shields        | |  3.2

Action                     |  1- 3 |  4- 6 || total
---------------------------+-------+-------++-------
  Melee: War axe           |   101 |     4 ||   105
 Armour: Scale mail        |    78 |     4 ||    82
  Dodge: Dodged            |    43 |     2 ||    45
  Block: Buckler           |    25 |       ||    25

Table legend: (Time is in decaauts)
 A = Elapsed time spent in this place.
 B = Non-inter-level travel time spent in this place.
 C = Inter-level travel time spent in this place.
 D = Time resting spent in this place.
 E = Time spent auto-exploring this place.
 F = Levels seen in this place.
 G = Mean time per level.
                   A        B        C        D        E       F      G
               +--------+--------+--------+--------+--------+-----+--------+
         Total |   1461 |   1461 |      0 |      0 |    707 |   3 |  487.0 |
       Dungeon |   1461 |   1461 |      0 |      0 |    707 |   3 |  487.0 |
               +--------+--------+--------+--------+--------+-----+--------+

Top non-repeatable levels by time:
     D:1: 807 daAuts
     D:2: 476 daAuts
     D:3: 177 daAuts
